 Dungeon Crawl Stone Soup version 0.29.1-2-gbd0b4ee654 (webtiles) character file.

Game seed: 17832051077562306879

381 Avanven the Cudgeller (level 6, -3/44 HPs)
             Began as a Demonspawn Gladiator on Nov 14, 2022.
             Was a Follower of Okawaru.
             Killed by nerve-wracking pain
             ... invoked by Grinder
              (5 damage)
             ... while paralysed by Grinder
             ... on level 3 of the Dungeon.
             The game lasted 00:07:07 (4087 turns).

Avanven the Cudgeller (Demonspawn Gladiator)        Turns: 4087, Time: 00:07:08

Health: -3/44      AC: 24    Str: 16    XL:     6   Next: 46%
Magic:  5/6        EV:  2    Int:  9    God:    Okawaru [*.....]
Gold:   221        SH:  0    Dex: 15    Spells: 5/5 levels left

rFire   . . .      SeeInvis .   h - +0 whip (freeze)
rCold   . . .      Faith    .   l - +0 buckler
rNeg    . . .      Spirit   .   m - +0 plate armour
rPois   .          Reflect  .   c - +2 helmet
rElec   .          Harm     .   (no cloak)
rCorr   .          Rampage  .   p - +0 pair of gloves
Will    .....                   b - +0 pair of boots
Stlth   ..........              (no amulet)
HPRegen 0.14/turn               (no ring)
MPRegen 0.10/turn               (no ring)

@: paralysed, sanguine armoured
A: hooves 2, sanguine armour 2
a: Renounce Religion, Heroism


You were on level 3 of the Dungeon.
You worshipped Okawaru.
Okawaru was aware of your devotion.
You visited 1 branch of the dungeon, and saw 4 of its levels.

You collected 221 gold pieces.

Inventory:

Hand Weapons
 a - a +0 flail of draining
 h - a +0 whip of freezing (weapon)
Missiles
 d - a throwing net (quivered)
 e - a javelin
Armour
 b - a +0 pair of boots (worn)
 c - a +2 helmet (worn)
 l - a +0 buckler (worn)
 m - a +0 plate armour (worn)
 p - a +0 pair of gloves (worn)
Jewellery
 g - a ring of wizardry
Wands
 u - a wand of paralysis (8)
Potions
 f - a potion of brilliance
 j - a potion of mutation {unknown}
 n - a potion of flight
 o - a potion of might {unknown}
 q - a potion of heal wounds {unknown}
 t - 2 potions of haste {unknown}


   Skills:
 - Level 2.0 Fighting
 + Level 6.7 Maces & Flails
 - Level 1.7 Throwing
 - Level 2.6 Dodging


You had 5 spell levels left.
You didn't know any spells.
Your spell library contained the following spells:

 Spells                   Type           Power      Damage    Failure   Level
 Blade Hands              Tmut           0%         N/A       100%        5
 Irradiate                Conj/Tmut      0%         3d11      100%        5
 Dragon Form              Tmut           0%         N/A       100%        7


Dungeon Overview and Level Annotations

Branches:
Dungeon (4/15)
 Temple: D:4-7

Altars:
Okawaru
Sif Muna

Shops:
D:1 =

Annotations:
D:3 Grinder


Innate Abilities, Weirdness & Mutations

You have hoof-like feet.
When seriously injured, your blood forms thick armour. (AC +9)


Message History

Grinder hits you but does no damage. Something hits you but does no damage.
The orc wizard hits you but does no damage.
You hit the orc wizard. You freeze the orc wizard.
The orc wizard is heavily wounded.
Grinder blinks!
Something hits you but does no damage.
The orc wizard hits you but does no damage.
You hit the orc wizard. You freeze the orc wizard.
You kill the orc wizard!
Okawaru accepts your kill.
You can now gain great but temporary skills.
Things that are here:
a +0 whip; an orc corpse Grinder gestures at you.
Pain shoots through your body!
Your blood congeals into armour.
You hit Grinder.
Grinder is lightly wounded.
Grinder blinks!
Something hits you but does no damage. Grinder gestures at you.
Pain shoots through your body!
* * * LOW HITPOINT WARNING * * *
You hear some strange, mumbled words.
You are confused.
You bump into the rock wall.
You hear some strange, mumbled words.
A puff of flame appears from out of thin air!
The puff of flame hits you.
* * * LOW HITPOINT WARNING * * *
Unknown command.
Unknown command.
Grinder gestures at you.
You suddenly lose the ability to move!
Grinder blinks!
You feel like a meek peon again.
Grinder blinks!
You hear some strange, mumbled words.
Something tries to affect you, but you resist.
You feel less confused. Grinder gestures at you. Pain shoots through your body!
You die...

##### #.........#.###.#.#.# #
#########'##.).).#.# #.#.#.# #
#.......#.##.....#.# #.#.#.# #
#.......#.##.....#.# #.....# #
#.........)[#.#'##.# ###.### #
#.........#>#.#....# #...# #
#######....#)#.###### #.### #
#........#.#...5# ####.###### #
#........'.#.#.@# #.........# #
#........#####.ยง# #.##......# #
##...............# #.##......# #
..........######.####.##......###
..........# #.....#.........#..
[.........# ##.##.###.......#.#
...######## #.##.# #.#####...#
...# ####.###.# #.### ...#
#.....# #.# #


You could see Grinder.

Vanquished Creatures
  A black bear (D:4)
  A phantom (D:4)
  A hound (D:3)
  Terence (D:2)
  An orc wizard (D:3)
  6 adders
  6 orcs
  6 bats
  9 endoplasms
  6 giant cockroaches
  6 goblins
  5 hobgoblins
  7 kobolds
  5 quokkas
  10 ball pythons
  4 frilled lizards
  5 rats
80 creatures vanquished.

Notes
Turn   | Place    | Note
-------+----------+-------------------------------------------
     0 | D:1      | Avanven the Demonspawn Gladiator began the quest for the
                  | Orb.
     0 | D:1      | Reached XP level 1. HP: 16/16 MP: 1/1
    21 | D:1      | Found a faded altar of an unknown god.
   299 | D:1      | Reached skill level 3 in Maces & Flails
   310 | D:1      | Gained mutation: You have large cloven feet. [demonic
                  | ancestry]
   310 | D:1      | Reached XP level 2. HP: 9/22 MP: 2/2
   801 | D:1      | Found Fuoti's Jewellery Shoppe.
  1031 | D:1      | Gained mutation: When seriously injured, your blood forms
                  | armour. (AC +9) [demonic ancestry]
  1031 | D:1      | Reached XP level 3. HP: 27/27 MP: 3/3
  1279 | D:1      | Reached skill level 4 in Maces & Flails
  1337 | D:2      | Noticed Terence
  1375 | D:2      | Killed Terence
  1657 | D:2      | Gained mutation: When seriously injured, your blood forms
                  | thick armour. (AC +9) [demonic ancestry]
  1657 | D:2      | Reached XP level 4. HP: 33/33 MP: 4/4
  2740 | D:3      | Reached skill level 5 in Maces & Flails
  2944 | D:3      | Found a shimmering blue altar of Sif Muna.
  2947 | D:3      | Found an iron altar of Okawaru.
  3072 | D:3      | Became a worshipper of Warmaster Okawaru
  3148 | D:3      | Reached XP level 5. HP: 35/38 MP: 5/5
  3465 | D:4      | Noticed a black bear
  3479 | D:4      | Killed a black bear
  3480 | D:4      | Reached skill level 6 in Maces & Flails
  3714 | D:4      | Noticed a phantom
  3745 | D:4      | Killed a phantom
  3746 | D:4      | Gained mutation: You have hoof-like feet. [demonic
                  | ancestry]
  3746 | D:4      | Reached XP level 6. HP: 39/44 MP: 6/6
  3824 | D:4      | Noticed Grinder
  3858 | D:3      | Reached * piety under Okawaru
  4083 | D:3      | HP: 1/44 [something/puff of flame (5)]
  4084 | D:3      | Paralysed by Grinder for 4 turns
  4087 | D:3      | Killed from afar by Grinder

Illustrated notes

Levels and vault maps discovered:
D:1:      psy_arrival_fountain, layout_basic, shapermc_ecumenical_altar_venn,
          serial_shops, shop_coins
D:2:      layout_rooms, chequers_serial_rivers_micro_b, uniq_terence
D:3:      layout_basic, chequers_temple_overflow_statue_of_worship,
          minmay_misc_feat_encased
D:4:      layout_cave_pools, minmay_overflow_temple_star_quad,
          minmay_temple_entry_metal_lava, kennysheep_nub, uniq_grinder

Skill      XL: |  1  2  3  4  5 |
---------------+----------------+-----
Maces & Flails | 3 4 5 6 |  6.7
Fighting       | |  2.0
Throwing       | |  1.7
Dodging        | |  2.6

Action                   |  1- 3 |  4- 6 || total
-------------------------+-------+-------++-------
Melee: Flail             |    32 |       ||    32
       Whip              |   102 |   230 ||   332
       Kick              |    26 |       ||    26
       Punch             |     1 |       ||     1
Throw: Throwing net      |     3 |       ||     3
Invok: Heroism           |       |     1 ||     1
  Use: Scroll            |     3 |     6 ||     9
       Potion            |     2 |     2 ||     4
 Stab: Held in net/web   |     1 |       ||     1
       Sleeping          |     1 |       ||     1
Armor: Leather armour    |    26 |       ||    26
       Plate armour      |    25 |   219 ||   244
Dodge: Dodged            |    75 |    42 ||   117
Block: Buckler           |     7 |    38 ||    45
